 Dungeon Crawl Stone Soup version 0.28-a0-991-g956f0ee3d5 (webtiles) character file.

Game seed: 3775794778149296586

1229 Conn the Firebug (level 8, 0/50 HPs)
             Began as an Octopode Fire Elementalist on Dec 4, 2021.
             Slain by a killer bee (3 damage)
             ... on level 5 of the Dungeon.
             The game lasted 00:10:31 (4383 turns).

Conn the Firebug (Octopode Fire Elementalist)       Turns: 4383, Time: 00:10:32

Health: 0/50       AC:  5    Str:  8    XL:     8   Next: 48%
Magic:  7/14       EV: 14    Int: 19    God:
Gold:   77         SH:  0    Dex: 18    Spells: 5/16 levels left

rFire   . . .      SeeInvis .   c - +1 short sword (elec)
rCold   . . .      Faith    .   (no shield)
rNeg    . . .      Spirit   .   (helmet restricted)
rPois   +          Reflect  .   (no amulet)
rElec   +          Harm     .   i - +6 ring of dexterity
rCorr   .          Rampage  .   q - ring "Levinwy" {rElec AC+4}
Will    .....                   v - ring of poison resistance
Stlth   ++++......              (no ring)
HPRegen 0.16/turn               (no ring)
MPRegen 0.14/turn               (no ring)
                                (no ring)
                                (no ring)

@: very slightly contaminated
A: almost no armour, amphibious, 8 rings, camouflage 1, gelatinous body 1,
(nimble swimmer 1), tentacles
a: no special abilities


You were on level 5 of the Dungeon.
You visited 1 branch of the dungeon, and saw 5 of its levels.

You collected 187 gold pieces.
You spent 110 gold pieces at shops.

Inventory:

Hand Weapons
 b - a +0 dagger
 c - a +1 short sword of electrocution (weapon)
Missiles
 n - 3 throwing nets
Armour
 f - a +0 buckler
Magical Staves
 d - a staff of earth
Jewellery
 i - a +6 ring of dexterity (left tentacle)
 q - the ring "Levinwy" (right tentacle) {rElec AC+4}
   (You bought it in a shop on level 4 of the Dungeon)

   [ring of protection]

   AC:        It affects your AC (+4).
   rElec:     It insulates you from electricity.
 v - a ring of poison resistance (on tentacle)
Wands
 t - a wand of iceblast (8)
 w - a wand of mindburst (13)
Scrolls
 a - a scroll of vulnerability {unknown}
 e - a scroll of fog {unknown}
 g - a scroll of fear {unknown}
 h - a scroll of blinking {unknown}
 m - a scroll of enchant weapon {unknown}
 o - 2 scrolls of identify {unknown}
 p - a scroll of noise {unknown}
 r - a scroll of holy word {unknown}
 s - a scroll of enchant armour {unknown}
 u - a scroll of teleportation {unknown}
Potions
 j - a potion of curing {unknown}
 k - a potion of mutation {unknown}
 l - 3 potions of degeneration {unknown}


   Skills:
 + Level 1.8 Fighting
 + Level 2.1 Short Blades
 + Level 2.8 Dodging
 + Level 5.4 Stealth
 + Level 0.1 Unarmed Combat
 + Level 4.5 Spellcasting
 * Level 5.0 Conjurations
 + Level 0.2 Hexes
 + Level 5.7 Fire Magic


You had 5 spell levels left.
You knew the following spells:

 Your Spells              Type           Power      Damage    Failure   Level
a - Foxfire               Conj/Fire      96%        2x1d8     1%          1
b - Conjure Flame         Conj/Fire      24%        6-21      4%          3
c - Inner Flame           Hex/Fire       15%        N/A       12%         3
d - Flame Wave            Conj/Fire      24%        2d6       14%         4

Your spell library contained the following spells:

 Spells                   Type           Power      Damage    Failure   Level
 Scorch                   Fire           52%        2d8       1%          2
 Shock                    Conj/Air       52%        1d6       4%          1
 Poisonous Vapours        Pois/Air       8%         N/A       21%         2
 Mephitic Cloud           Conj/Pois/Air  10%        N/A       21%         3
 Summon Guardian Golem    Hex/Summ       4%         N/A       36%         3
 Orb of Destruction       Conj           11%        9d5       100%        7
 Spellforged Servitor     Conj/Summ      6%         N/A       100%        7


Dungeon Overview and Level Annotations

Branches:
Dungeon (5/15)
 Temple: D:4-7

Altars:

Shops:
D:2 *   D:4 *


Innate Abilities, Weirdness & Mutations

You cannot wear most types of armour.
You are amphibious.
You can wear up to eight rings at the same time.
Your skin changes colour to match your surroundings (Stealth+).
Your rubbery body absorbs attacks. (AC +1, EV +1)
((You are camouflaged near water. (Stealth+)))
You have tentacles for arms and can constrict up to eight enemies at once.


Message History

The killer bee is severely wounded.
The killer bee is engulfed in blazing flames.
Flame seeps out of the killer bee.
The killer bee closely misses you. The killer bee stings you.
Casting: Inner Flame (dangerous; 12% risk of failure)
Confirm with . or Enter, or press ? or * to list all spells.
You conjure some foxfire!
The killer bee barely misses you.
The killer bee stings you. x2; The killer bee closely misses you.
Unknown command.
Your foxfire dissipates!
The foxfire hits the killer bee.
The killer bee is severely wounded.
The killer bee closely misses you.
The killer bee stings you but does no damage.
The killer bee barely misses you.
Unknown command.
Casting: Foxfire (safe; 1% risk of failure)
Confirm with . or Enter, or press ? or * to list all spells.
You conjure some foxfire!
The killer bee barely misses you. The killer bee stings you.
The killer bee barely misses you.
The foxfire hits the killer bee.
The killer bee explodes!
The fiery explosion engulfs you!!
Ouch! That really hurt!
* * * LOW HITPOINT WARNING * * *
The fiery explosion engulfs your foxfire.
Your foxfire completely resists.
The fiery explosion engulfs the killer bee!!
You kill the killer bee!
Your Conjurations skill increases to level 5!
Okay, then.
Okay, then.
Sorry, you're not good enough to have a special ability.
Unknown command.
Unknown command.
Unknown command.
The foxfire hits the killer bee.
The killer bee is moderately wounded.
The killer bee stings you.
You die...

# ##..#..........#.#'
#.##......###.#####...
#.#.......##.....'....
#..............###....
#.......###...##.....
##....#.# #..###.....
##§§##.# #..# #.....
##§§##.. .... ##....
#§§@######..#. +....
#.#y# #..#####...
#.#y# #..# #.#+ #.#y#
###. # #.# #... #.#
##.. #y# +.. #.# ##.
#.


You could see 4 killer bees.

Vanquished Creatures
  Sigmund (D:2)
  Edmund (D:5)
  A water moccasin (D:5)
  3 ogres
  A phantom (D:4)
  2 killer bees (D:5)
  A centaur skeleton (D:5)
  An orc priest (D:3)
  A hound (D:5)
  A bullfrog skeleton (D:5)
  Jessica (D:2)
  An orc wizard (D:3)
  A scorpion zombie (D:5)
  12 gnolls (D:3)
  4 adders
  An ufetubus (D:5)
  2 adder skeletons (D:4)
  A worm (D:4)
  4 orcs
  8 endoplasms
  4 giant cockroaches
  4 hobgoblins
  2 jackals (D:1)
  7 kobolds
  5 quokkas
  5 ball pythons
  8 bats
  9 frilled lizards
  10 goblins
  4 rats
106 creatures vanquished.

Vanquished Creatures (others)
  269 foxfires
269 creatures vanquished.

Grand Total: 375 creatures vanquished

Notes
Turn   | Place    | Note
-------+----------+-------------------------------------------
     0 | D:1      | Conn the Octopode Fire Elementalist began the quest for the
                  | Orb.
     0 | D:1      | Reached XP level 1. HP: 11/11 MP: 3/3
   193 | D:1      | Reached XP level 2. HP: 13/17 MP: 1/5
   623 | D:1      | Reached XP level 3. HP: 21/21 MP: 0/6
  1391 | D:2      | Got the Catalogue of Lightness and Poisoning
  1402 | D:2      | Learned a level 3 spell: Conjure Flame
  1450 | D:2      | Reached XP level 4. HP: 27/27 MP: 2/8
  1571 | D:2      | Found Hodudgheo's General Store.
  1573 | D:2      | Noticed Sigmund
  1581 | D:2      | Learned a level 3 spell: Inner Flame
  1588 | D:2      | Killed Sigmund
  1589 | D:2      | Reached skill level 1 in Short Blades
  1589 | D:2      | Reached XP level 5. HP: 32/32 MP: 2/10
  1741 | D:2      | Noticed Jessica
  1747 | D:2      | Killed Jessica
  1748 | D:2      | Reached XP level 6. HP: 37/37 MP: 11/11
  2170 | D:3      | Reached skill level 1 in Fighting
  2272 | D:3      | Learned a level 4 spell: Flame Wave
  2600 | D:3      | Reached XP level 7. HP: 27/43 MP: 2/12
  3122 | D:4      | Found Ewoqeu's Assorted Antiques.
  3141 | D:4      | Bought a clouded silver ring for 110 gold pieces
  3141 | D:4      | Identified the ring "Levinwy" {rElec AC+4} (You bought it
                  | in a shop on level 4 of the Dungeon)
  3315 | D:4      | Reached skill level 5 in Fire Magic
  3773 | D:5      | Entered Level 5 of the Dungeon
  3798 | D:5      | Reached skill level 5 in Stealth
  3967 | D:5      | Noticed Edmund
  3975 | D:5      | Killed Edmund
  4059 | D:5      | Identified the +3 leather armour of Grot {rElec rC+}
  4069 | D:5      | Reached XP level 8. HP: 48/48 MP: 7/14
  4383 | D:5      | Reached skill level 5 in Conjurations
  4383 | D:5      | Slain by a killer bee

Illustrated notes

Levels and vault maps discovered:
D:1:      minmay_arrival_doors, layout_rooms, amcnicky_mini_rare_corridor_liquid
D:2:      layout_rooms, serial_shops, shop, uniq_jessica, uniq_sigmund
D:3:      layout_loops_ring
D:4:      layout_rooms, nicolae_stop_n_shop_1, kennysheep_dice
D:5:      nicolae_cairo_tiling_very_big, layout_loops_ring, uniq_edmund

Skill      XL: |  1  2  3  4  5  6  7  8 |
---------------+-------------------------+-----
Stealth        | 3 4 5 |  5.4
Short Blades   | 1 2 |  2.1
Spellcasting   | 3 4 |  4.5
Conjurations   | 2 3 4 5 |  5.0
Fire Magic     | 4 5 |  5.7
Fighting       | 1 |  1.8
Dodging        | |  2.8
Unarmed Combat | |  0.1
Hexes          | |  0.2

Action                   |  1- 3 |  4- 6 |  7- 9 || total
-------------------------+-------+-------+-------++-------
Melee: Constrict         |     3 |     7 |     4 ||    14
       Tentacles         |     1 |     3 |     4 ||     8
       Unarmed           |     1 |       |       ||     1
       Short sword       |    12 |    27 |    22 ||    61
 Cast: Foxfire           |    59 |    40 |    54 ||   153
       Inner Flame       |       |     1 |     2 ||     3
       Conjure Flame     |       |     1 |     1 ||     2
       Flame Wave        |       |       |     2 ||     2
Evoke: Wand              |       |       |     2 ||     2
 Stab: Sleeping          |     4 |    11 |     3 ||    18
Armor: Skin              |     1 |     1 |    10 ||    12
Dodge: Dodged            |     6 |    19 |    29 ||    54

Table legend: (Time is in decaauts)
 A = Elapsed time spent in this place.
 B = Non-inter-level travel time spent in this place.
 C = Inter-level travel time spent in this place.
 D = Time resting spent in this place.
 E = Time spent auto-exploring this place.
 F = Levels seen in this place.
 G = Mean time per level.
                   A        B        C        D        E       F      G
               +--------+--------+--------+--------+--------+-----+--------+
         Total |   4382 |   4352 |     30 |      0 |   3364 |   5 |  876.4 |
       Dungeon |   4382 |   4352 |     30 |      0 |   3364 |   5 |  876.4 |
               +--------+--------+--------+--------+--------+-----+--------+

Top non-repeatable levels by time:
     D:3: 1191 daAuts
     D:1: 1165 daAuts
     D:4: 709 daAuts
     D:2: 705 daAuts
     D:5: 609 daAuts
